 Dungeon Crawl Stone Soup version 0.25-a0-413-g3b4b6a4ccc (webtiles) character file.

Game seed: 13994029251257039615, levelgen mode: deterministic

11 Erk the Conjurer (level 2, 0/20 HPs)
             Began as a Human Conjurer on Jan 17, 2020.
             Slain by an adder (3 damage)
             ... on level 2 of the Dungeon.
             The game lasted 00:02:59 (286 turns).

Erk the Conjurer (Human Conjurer)                    Turns: 286, Time: 00:03:00

Health: 0/20       AC:  2    Str:  8    XL:     2   Next: 40%
Magic:  0/5        EV: 12    Int: 15    God:
Gold:   69         SH:  0    Dex: 13    Spells: 4/5 levels left

rFire    . . .     SeeInvis .   n - +0 spear
rCold    . . .     Gourm    .   (no shield)
rNeg     . . .     Faith    .   a - +0 robe
rPois    .         Spirit   .   (no helmet)
rElec    .         Reflect  .   (no cloak)
rCorr    .         Harm     .   (no gloves)
MR       .....                  (no boots)
Stlth    ++........             (no amulet)
HPRegen  0.06/turn              (no ring)
MPRegen  0.09/turn              (no ring)

@: lethally poisoned (0 -> -5)
A: no striking features
a: no special abilities


You were on level 2 of the Dungeon.
You were not hungry.

You visited 1 branch of the dungeon, and saw 3 of its levels.

You collected 69 gold pieces.

Inventory:

Hand Weapons
 n - a +0 spear (weapon)
Missiles
 l - 48 stones (quivered)
Armour
 a - a +0 robe (worn)
 e - a +0 ring mail
 i - a +0 ring mail of cold resistance
 k - a scarf of spirit shield
Scrolls
 h - 2 scrolls of identify {unknown}
 j - a scroll of teleportation {unknown}
 m - a scroll of amnesia {unknown}
Potions
 b - a potion of agility {unknown}
 d - a potion of heal wounds {unknown}
 f - a potion of might {unknown}
 g - a potion of curing {unknown}
Comestibles
 c - 2 rations


   Skills:
 + Level 0.5 Fighting
 + Level 2.1 Dodging
 + Level 2.2 Stealth
 + Level 2.1 Spellcasting
 + Level 4.1 Conjurations


You had 4 spell levels left.
You knew the following spells:

 Your Spells              Type           Power        Failure   Level  Hunger
a - Magic Dart            Conj           ##..         4%          1    #......

Your spell library contained the following spells:

 Spells                   Type           Power        Failure   Level  Hunger
 Searing Ray              Conj           ##....       6%          2    ###....
 Dazzling Flash           Conj/Hex       #.....       28%         3    ###....
 Fulminant Prism          Conj/Hex       #.........   67%         4    #####..
 Iskenderun's Mystic Bla  Conj/Tloc      #.......     67%         4    #####..


Dungeon Overview and Level Annotations

Branches:
Dungeon (3/15)

Altars:
Nemelex Xobeh


Message History

You feel sick.
You are no longer poisoned.
There is a stone staircase leading up here.
The adder bites you.
* * * LOW HITPOINT WARNING * * *
You are lethally poisoned!
The adder poisons you!
You climb upwards.
* * * LOW HITPOINT WARNING * * *
You feel sick.
There is a stone staircase leading down here.
Casting: Magic Dart (safe; 4% risk of failure)
Confirm with . or Enter, or press ? or * to list all spells.
Aiming: Magic Dart (safe; 4% risk of failure)
Press: ? - help, Shift-Dir - straight line, f - adder
Aim: an adder The magic dart hits the adder.
The adder is heavily wounded.
The adder barely misses you. The adder bites you.
You die...

#.# #.# #.#
#.#######
#......$.
#.#######
#######.########
#......S........
#.#####@).......
##.####### #...
#.### #.# #.#
..# ###


You could see an adder.

Vanquished Creatures
  An adder (D:3)
  3 kobolds
  A rat (D:1)
5 creatures vanquished.

Notes
Turn   | Place    | Note
-------+----------+-------------------------------------------
     0 | D:1      | Erk the Human Conjurer began the quest for the Orb.
     0 | D:1      | Reached XP level 1. HP: 13/13 MP: 3/3
   272 | D:3      | Reached XP level 2. HP: 7/20 MP: 0/5
   275 | D:3      | Found a sparkling altar of Nemelex Xobeh.
   286 | D:2      | Slain by an adder

Levels and vault maps discovered:
D:1:      matt_arrival_refuge, layout_loops_cross
D:2:      layout_basic, minmay_tetromino_s4
D:3:      layout_rooms, grunt_temple_overflow_gold_and_silver,
          chequers_temple_overflow_statue_of_worship, marbit_many_paths,
          minmay_divided_ellipse

Action                   || total
-------------------------++-------
Melee: Spear             ||     2
 Cast: Magic Dart        ||    12
Armor: Robe              ||     1
Dodge: Dodged            ||     5

Table legend:
 A = Non-vault XP
 B = Vault XP
 C = Vault XP percentage of total XP
 D = Non-vault monster count
 E = Vault monster count
 F = Vault count percentage of total count
                 A         B        C        D         E       F
            +---------+---------+-------+---------+---------+-------
      Total |      17 |       0 |   0.0 |       5 |       0 |   0.0
            +---------+---------+-------+---------+---------+-------
        D:1 |       2 |       0 |   0.0 |       2 |       0 |   0.0
        D:2 |       2 |       0 |   0.0 |       2 |       0 |   0.0
        D:3 |      13 |       0 |   0.0 |       1 |       0 |   0.0
            +---------+---------+-------+---------+---------+-------
